AoeStats
← Mack Daddy

Oasis

507556554Analyzed
4v4 RM · 13d ago on Sep 18, 2026· 68m 2s· 8 players
Game mode
Random Map
Map size
Large (8 player)
Population
200
Speed
Normal
Resources
Standard
Victory
Conquest
Starting age
Dark Age
Ending age
Imperial Age
RankedLock teamsTeams togetherTeam positionsShared explorationLock speedFull tech treeHidden civsTurbo modeCheats
Victory
Defeat
🇧🇪 Mongols · Belgium
914
+14
🇹🇼 Celts · Taiwan
912
+14
🇪🇸 Franks · Spain
875
+16
🇦🇺 Japanese · Australia
813
+19
🇵🇰 Khmer · Pakistan
942
-18
🇵🇰 Portuguese · Pakistan
893
-17
🇵🇰 Bulgarians · Pakistan
876
-16
🇵🇰 Sicilians · Pakistan
791
-12
Hussy Gamer
12:52 Feudal Age
11:08 Loom
16:50 Castle Age
19:11 Fletching
23:50 Murder Holes
34:05 Bodkin Arrow
43:17 Scale Barding Armor
43:12 Scale Mail Armor
43:23 Forging
43:47 Horse Collar
44:08 Double-Bit Axe
46:08 Elite Skirmisher
50:28 Wheelbarrow
50:46 Heavy Plow
50:59 Bow Saw
50:43 Gold Mining
52:42 Caravan
53:40 Stirrups
57:16 Hand Cart
58:15 Gold Shaft Mining
57:20 Light Cavalry
61:40 Imperial Age
59:33 Husbandry
60:19 Bloodlines
60:18 Stone Mining
61:00 Chain Barding Armor
62:21 Hussar
64:01 Plate Barding Armor
[JANGJU] Jin Baba
15:19 Feudal Age
33:37 Castle Age
47:38 Double-Bit Axe
55:13 Bow Saw
61:24 Squires
I love villagers
6:13 Loom
8:43 Feudal Age
10:13 Double-Bit Axe
10:14 Horse Collar
19:03 Bloodlines
23:08 Forging
26:29 Scale Barding Armor
30:20 Castle Age
31:38 Bow Saw
34:51 Imperial Age
32:31 Heavy Plow
33:15 Chain Barding Armor
33:05 Gold Mining
34:11 Wheelbarrow
34:25 Iron Casting
33:53 Town Watch
35:01 Gold Shaft Mining
35:04 Husbandry
36:23 Hand Cart
36:17 Cavalier
38:21 Town Patrol
39:09 Plate Barding Armor
40:50 Blast Furnace
45:11 Herbal Medicine
47:16 Fletching
47:27 Padded Archer Armor
49:09 Bodkin Arrow
49:38 Bracer
49:48 Caravan
53:22 Fortified Wall
56:58 Man-at-Arms
57:41 Scale Mail Armor
57:40 Long Swordsman
58:44 Chain Mail Armor
58:39 Two-Handed Swordsman
RJ-Bila
11:00 Feudal Age
11:02 Loom
11:53 Double-Bit Axe
16:55 Castle Age
14:51 Horse Collar
16:38 Wheelbarrow
18:43 Heavy Plow
19:09 Bow Saw
21:48 Fervor
22:23 Stone Mining
23:26 Hand Cart
28:00 Gambesons
28:01 Arson
27:37 Pikeman
28:31 Scale Mail Armor
28:42 Forging
33:34 Chain Mail Armor
33:55 Iron Casting
35:43 Padded Archer Armor
35:33 Fletching
38:54 Imperial Age
36:48 Leather Archer Armor
36:29 Bodkin Arrow
37:40 Murder Holes
38:06 Ballistics
37:30 Treadmill Crane
38:01 Masonry
40:54 Ring Archer Armor
40:24 Bracer
40:56 Plate Mail Armor
41:26 Blast Furnace
41:30 Chemistry
41:01 Architecture
40:57 Conscription
43:23 Scale Barding Armor
43:41 Bombard Tower
43:32 Fortified Wall
43:13 Guard Tower
44:39 Crop Rotation
45:13 Two-Man Saw
44:38 Chain Barding Armor
44:12 Sappers
44:42 Arquebus
44:16 Halberdier
47:20 Circumnavigation
48:56 Elite Organ Gun
50:48 Gold Mining
51:34 Stone Shaft Mining
59:37 Plate Barding Armor
59:41 Keep
68:13 Thumb Ring
67:29 Elite Skirmisher
sentoginerzarra
0:47 Loom
12:02 Feudal Age
13:30 Wheelbarrow
12:43 Double-Bit Axe
12:52 Stone Mining
12:57 Gold Mining
22:34 Castle Age
21:12 Forging
21:20 Scale Barding Armor
23:32 Hand Cart
25:37 Light Cavalry
31:16 Bow Saw
31:23 Husbandry
34:27 Chain Barding Armor
35:28 Gold Shaft Mining
35:38 Iron Casting
37:01 Fervor
42:35 Imperial Age
41:13 Pikeman
41:58 Squires
42:05 Scale Mail Armor
42:11 Caravan
42:41 Cavalier
43:24 Chivalry
43:46 Conscription
44:05 Plate Barding Armor
44:32 Blast Furnace
43:47 Chain Mail Armor
44:44 Hoardings
44:35 #83
44:49 Halberdier
47:29 Paladin
50:52 Plate Mail Armor
50:15 Fletching
56:16 Elite Throwing Axeman
60:01 Chemistry
Mack Daddy
3:27 Loom
9:54 Feudal Age
23:59 Double-Bit Axe
23:56 Horse Collar
27:22 Castle Age
27:58 Pikeman
28:04 Crossbowman
30:04 Bow Saw
31:47 Pikeman
34:59 Horse Collar
35:12 Fletching
36:31 Heavy Plow
38:21 Wheelbarrow
37:39 Gold Mining
40:42 Hand Cart
41:48 Bodkin Arrow
42:05 Forging
42:01 Scale Barding Armor
42:17 Squires
45:07 Stone Mining
45:53 Gold Shaft Mining
45:54 Iron Casting
45:40 Chain Barding Armor
45:22 Scale Mail Armor
50:09 Imperial Age
48:42 Chain Mail Armor
49:55 Stone Shaft Mining
49:42 Chain Barding Armor
51:58 Blast Furnace
51:29 Plate Mail Armor
50:55 Bodkin Arrow
51:00 Padded Archer Armor
52:04 Chemistry
51:24 Ballistics
51:28 Conscription
52:41 Thumb Ring
51:56 Arbalester
52:48 Arbalester
56:09 Bracer
56:25 Leather Archer Armor
55:43 Capped Ram
56:43 Siege Ram
56:49 Siege Ram
DangerWashington
0:43 Loom
12:50 Feudal Age
14:40 Double-Bit Axe
15:39 Gold Mining
15:46 Horse Collar
18:22 Castle Age
17:55 Wheelbarrow
17:06 Town Watch
19:04 Heavy Plow
19:30 Forging
19:27 Scale Barding Armor
20:53 Man-at-Arms
22:27 Husbandry
22:35 Gambesons
24:18 Iron Casting
29:11 Chain Barding Armor
28:42 Fletching
35:09 Scale Mail Armor
35:52 Arson
37:00 Long Swordsman
43:18 Chain Mail Armor
43:00 Bodkin Arrow
43:43 Stronghold
51:22 Imperial Age
52:44 Conscription
55:13 Blast Furnace
54:31 Light Cavalry
56:40 Bow Saw
68:53 Plate Mail Armor
69:12 Hoardings
DOZZER
11:28 Feudal Age
11:52 Horse Collar
12:00 Double-Bit Axe
14:37 Gold Mining
14:37 Stone Mining
18:30 Arson
36:49 Castle Age
41:22 Bow Saw
44:33 Loom
48:52 Wheelbarrow
49:37 Elite Skirmisher
52:46 Elite Skirmisher
59:04 Imperial Age
59:25 Forging
59:16 Scale Mail Armor
59:44 Thumb Ring
59:55 Fletching
60:06 Padded Archer Armor
63:31 Bodkin Arrow
67:18 Forging
67:08 Scale Mail Armor
Connection lost

Rejoining the realm…

Still unreachable

The connection could not be restored.

Session expired

The server has moved on; the page needs a fresh start.